 Dungeon Crawl Stone Soup version 0.31.0-12-g77e489cdc1 (webtiles) character file.

Game seed: 1122986904760522589

51443 monsoonserge the Marksant (level 15, -8/103 HPs)
             Began as a Formicid Hexslinger on Feb 15, 2024.
             Was the Champion of Fedhas.
             Mangled by a sea snake (21 damage)
             ... on level 5 of the Lair of Beasts.
             The game lasted 01:27:49 (15245 turns).

monsoonserge the Marksant (Formicid Hexslinger)    Turns: 15245, Time: 01:27:54

Health: -8/103     AC:  6    Str: 12    XL:     15   Next: 2%
Magic:  15/22      EV: 13    Int: 18    God:    Fedhas [******]
Gold:   731        SH:  0    Dex: 24    Spells: 10/19 levels left

rFire   + . .        K - +4 triple crossbow (freeze)
rCold   . . .        w - +6 tower shield of Polish {rF+ rN+ Will+ Str+3}
rNeg    + + .        z - +2 robe of the Eternal Void {rN+ Str+3 Slay+3}
rPois   +            (helmet unavailable)
rElec   +            J - scarf {harm}
rCorr   +            (no gloves)
SInv    +            a - +1 pair of boots of Tytam {Str-3 Int+2 Dex+4}
Will    +....        X - amulet "Ymodonk" {Acrobat rElec rPois rCorr Str-4}
Stlth   +            g - +4 ring of slaying
HPRegen 0.37/turn    A - +4 ring of slaying
MPRegen 0.18/turn

%: harm (+30% outgoing, +20% incoming), acrobat
@: confused, weak-willed, ambrosia-drunk, jinxed, mesmerised, very slow
A: permanent stasis, dig shafts and tunnels, antennae 3, four strong arms
a: Dig, Shaft Self, Renounce Religion, Wall of Briars, Grow Ballistomycete,
Overgrow, Grow Oklob


You were on level 5 of the Lair of Beasts.
You worshipped Fedhas.
Fedhas was exalted by your worship.
You visited 3 branches of the dungeon, and saw 17 of its levels.
You also visited: Ossuary and Bailey.

You collected 1031 gold pieces.
You spent 300 gold pieces at shops.

Inventory:

Hand Weapons
 K - a +4 triple crossbow of freezing (weapon)
Missiles
 p - 22 poisoned darts
 L - 10 curare-tipped darts
 S - 15 javelins
 T - 2 throwing nets
Armour
 a - the +1 pair of boots of Tytam (worn) {Str-3 Int+2 Dex+4}
   (You found it on level 7 of the Dungeon)

   Str-3:     It affects your strength (-3).
   Int+2:     It affects your intelligence (+2).
   Dex+4:     It affects your dexterity (+4).
 w - the +6 tower shield of Polish (worn) {rF+ rN+ Will+ Str+3}
   (You found it in a bailey)

   Str+3:     It affects your strength (+3).
   rF+:       It protects you from fire.
   rN+:       It protects you from negative energy.
   Will+:     It increases your willpower.
 x - a +2 robe of resistance
 z - the +2 robe of the Eternal Void (worn) {rN+ Str+3 Slay+3}
   (You found it on level 5 of the Dungeon)

   Str+3:     It affects your strength (+3).
   Slay+3:    It affects your accuracy & damage with ranged weapons and melee
   (+3).
   rN+:       It protects you from negative energy.
 D - the +7 chain mail of Cianesu {Fly rF+ rC-}
   (You found it on level 1 of the Lair of Beasts)

   rF+:       It protects you from fire.
   rC-:       It makes you vulnerable to cold.
   Fly:       It grants you flight.
 J - a scarf of harm (worn)
 M - a +0 cloak
 O - +1 acid dragon scales
Magical Staves
 k - a staff of earth
 m - a staff of conjuration
 Y - a staff of death
Jewellery
 g - a +4 ring of slaying (left hand)
 h - a +6 ring of intelligence
 n - a ring of willpower
 s - a +5 ring of evasion
 A - a +4 ring of slaying (right hand)
 X - the amulet "Ymodonk" (around neck) {Acrobat rElec rPois rCorr Str-4}
   (You found it on level 3 of the Lair of Beasts)

   [amulet of the acrobat]

   Acrobat:   It increases your evasion while moving and waiting.
   Str-4:     It affects your strength (-4).
   rElec:     It insulates you from electricity.
   rPois:     It protects you from poison rCorr: It protects you from acid and
   corrosion.
Wands
 t - a wand of acid (1)
 U - a wand of flame (25)
 W - a wand of iceblast (3)
 Z - a wand of polymorph (3)
Scrolls
 b - 7 scrolls of poison
 i - 2 scrolls of immolation
 l - 4 scrolls of silence
 o - 5 scrolls of revelation
 r - a scroll of vulnerability
 u - 2 scrolls of brand weapon
 v - 3 scrolls of enchant armour {unknown}
 y - a scroll of fog {unknown}
 C - a scroll of acquirement {unknown}
 G - a scroll of blinking {unknown}
 H - 5 scrolls of noise {unknown}
 P - 2 scrolls of fear {unknown}
 R - 5 scrolls of teleportation {unknown}
Potions
 c - 3 potions of curing
 d - 2 potions of ambrosia
 e - 5 potions of brilliance
 f - 4 potions of invisibility {unknown}
 j - a potion of lignification
 q - 2 potions of attraction {unknown}
 B - a potion of magic {unknown}
 E - 2 potions of haste {unknown}
 F - 4 potions of enlightenment
 I - 2 potions of resistance {unknown}
 N - a potion of mutation {unknown}
 V - a potion of berserk rage {unknown}
Miscellaneous
 Q - a phial of floods


   Skills:
 - Level 5.0 Fighting
 + Level 17.3 Ranged Weapons
 - Level 7.2 Armour
 - Level 4.0 Dodging
 - Level 2.0 Stealth
 * Level 16.2 Shields
 + Level 2.9 Spellcasting
 + Level 6.2 Hexes
 - Level 2.0 Fire Magic
 * Level 9.3 Invocations
 - Level 1.0 Evocations


You had 10 spell levels left.
You knew the following spells:

 Your Spells              Type           Power      Damage    Failure   Level
a - Jinxbite              Hex            50%        N/A       8%          2
b - Inner Flame           Hex/Fire       17%        N/A       34%         3
c - Cause Fear            Hex            12%        N/A       45%         4

Your spell library contained the following spells:

 Spells                   Type           Power      Damage    Failure   Level
 Sigil of Binding         Hex            25%        N/A       16%         3
 Ensorcelled Hibernation  Hex/Ice        26%        N/A       26%         2
 Scorch                   Fire           18%        2d5       41%         2
 Dazzling Flash           Conj/Hex       26%        N/A       47%         3
 Sting                    Conj/Alch      8%         1d3       54%         1
 Cigotuvi's Dreadful Rot  Necr/Alch/Air  4%         N/A       69%         2
 Mercury Vapours          Alch/Air       4%         N/A       69%         2
 Volatile Blastmotes      Fire/Tloc      12%        2d11      78%         3
 Anguish                  Hex/Necr       6%         N/A       87%         4
 Dimensional Bullseye     Hex/Tloc       6%         N/A       87%         4
 Fugue of the Fallen      Necr           2%         N/A       89%         3
 Hailstorm                Conj/Ice       2%         3d5       89%         3
 Ozocubu's Armour         Ice            2%         N/A       89%         3
 Summon Ice Beast         Ice/Summ       2%         N/A       89%         3
 Flame Wave               Conj/Fire      6%         2d5       99%         4
 Sticky Flame             Fire/Alch      6%         2d4       99%         4
 Summon Mana Viper        Hex/Summ       13%        N/A       99%         5
 Dispel Undead            Necr           2%         3d7       100%        4
 Manifold Assault         Tloc           2%         N/A       100%        4
 Martyr's Knell           Necr/Summ      2%         N/A       100%        4
 Olgreb's Toxic Radiance  Alch           2%         N/A       100%        4
 Iskenderun's Battlesphe  Conj           2%         2d6       100%        5
 Summon Forest            Summ/Tloc      1%         N/A       100%        5
 Bombard                  Conj/Erth      1%         9d1       100%        6
 Death Channel            Necr           1%         N/A       100%        6
 Sculpt Simulacrum        Ice/Alch       1%         N/A       100%        6
 Starburst                Conj/Fire      3%         6d3       100%        6
 Summon Cactus Giant      Summ           1%         N/A       100%        6
 Monstrous Menagerie      Summ           1%         N/A       100%        7
 Spellforged Servitor     Conj/Summ      1%         N/A       100%        7
 Maxwell's Capacitive Co  Air            1%         ∞         100%        8


Dungeon Overview and Level Annotations

Branches:
Dungeon (11/15)            Temple (1/1) D:7            Lair (5/5) D:9
  Swamp (0/4) Lair:2       Spider (0/4) Lair:2      Ossuary (visited)
 Bailey (visited)
  Slime: Lair:4-5       Orc: D:9-12

Altars:
Ashenzari
Cheibriados
Dithmenos
Elyvilon
Fedhas
Gozag
Hepliaklqana
Kikubaaqudgha
Makhleb
Nemelex Xobeh
Okawaru
Qazlal
Ru
Sif Muna
Trog
Uskayaw
Vehumet
Wu Jian
Xom
Yredelemnul
Zin
The Shining One

Shops:
D:2 (

Annotations:
D:7 2 transporters, Menkaure


Innate Abilities, Weirdness & Mutations

You cannot be hasted, slowed, berserked, paralysed or teleported.
You can dig through walls and to a lower floor.
You have a pair of large antennae on your head. (SInv)
Your four strong arms can wield two-handed weapons with a shield.


Message History

The merfolk avatar chants its luring song.
The polar bear bites you!
* * * LOW HITPOINT WARNING * * *
The polar bear claws you.
* * * LOW HITPOINT WARNING * * *
You block the polar bear's attack. You block the snapping turtle's attack.
Aiming: Grow Oklob (22% risk of failure)
Press: ? - help, Dir - move target, p - merfolk avatar An oklob plant grows from the ground.
A sea snake comes into view.
The merfolk avatar chants its luring song.
You block the polar bear's attack. x2
The polar bear claws you but does no damage.
The sea snake moves out of view.
Fire: K) +4 triple crossbow (freeze)
Press: ? - help, Q - select action, (/) - cycle Shift-Dir - straight line, f - merfolk avatar
Aim: a merfolk avatar (mesmerising, chance to call a sprite on attack: 0%, 74% to hit)
You shoot a bolt. The bolt hits the snapping turtle!!!
The snapping turtle seems to slow down.
The bolt freezes the snapping turtle.
You kill the snapping turtle!
Fedhas appreciates your contribution to the ecosystem.
The pull of its song draws you forwards.
The polar bear bites you!
* * * LOW HITPOINT WARNING * * *
You block the polar bear's attack. x2; You block the sea snake's attack.
Okay, then.
You are confused.
You feel invigorated.
The pull of its song draws you forwards.
Found a bubbling red potion and 2 glowing amethyst potions.
The polar bear barely misses you. The polar bear closely misses you.
The polar bear claws you.
* * * LOW HITPOINT WARNING * * *
Your oklob plant spits acid at the polar bear.
The splash of acid hits the polar bear!
The merfolk avatar chants its luring song.
The sea snake bites you!!
You die...
Fedhas appreciates your contribution to the ecosystem.

#.~~#...## !!
#~~~~.P..# ~ #''
#~~~P..### ~8 ~~
#~P#~~## ~~m P~~
#~~#~.# ~#~~
~#####~~~~~#
~~~~~~~~~8#~~~~~#
~#~~8~#h#P#~~##.#
~~~~~~~@S~#~~##~##
###†~###h##~~~~~~#
~~~~~~~~~†~P~~~~##
~.#~~##~~##~~##~#
# #~P##~~# ..#
~.~.~~.~.. .#
.........#.# #
..†.........##
..........###


You could see a merfolk avatar (mesmerising), a sea snake, 2 polar bears and a
friendly oklob plant (summoned).

Vanquished Creatures
  Kirke (Lair:4)
  Josephine (Lair:4)
  Erolcha (D:10)
  2 hydras
  A centaur warrior (D:10)
  4 boulder beetles
  4 two-headed ogres
  A catoblepas (Lair:3)
  A tengu warrior (D:8)
  Urug (Lair:2)
  A fire crab (shapeshifter) (D:8)
  2 bog bodies (Lair:2)
  A sea snake (Lair:5)
  2 lindwurms (Lair:4)
  A harpy (Lair:5)
  An orc knight (Bailey)
  A deep elf pyromancer (D:10)
  An ugly thing (D:11)
  A cyclops (D:11)
  2 manticores
  10 black mambas
  12 cane toads
  An unseen horror (D:11)
  5 kobold demonologists (D:9)
  Maggie (D:7)
  2 rime drakes (Lair:5)
  10 komodo dragons
  6 trolls
  A wind drake (Lair:5)
  3 polar bears
  3 hornets
  A snapping turtle (Lair:5)
  12 blink frogs
  5 dream sheep (Lair:4)
  Sigmund (D:4)
  4 culicivoras (Lair:2)
  A slime creature (D:8)
  A shadow (D:10)
  A yak (shapeshifter) (D:10)
  3 vampires
  7 wyverns
  6 wraiths
  34 yaks
  5 steam dragons
  4 basilisks
  3 vampire mosquitoes (D:10)
  11 water moccasins
  3 acid dragons
  7 orc warriors
  4 sky beasts
  4 ice beasts (D:6)
  4 black bears
  6 wolves (Lair:3)
  2 ogres (D:7)
  5 centaurs
  6 kobold brigands
  15 bullfrogs
  2 scorpions
  A gnoll sergeant (D:10)
  3 wights
  11 killer bees
  2 electric eels (Lair:2)
  2 howler monkeys (D:9)
  A bombardier beetle (D:4)
  3 hounds
  A spectral scorpion (Ossuary)
  A gnoll bouda (D:9)
  An orc priest (D:8)
  Crazy Yiuf (D:5)
  3 centaur skeletons (Ossuary)
  3 iguanas
  A jelly (D:4)
  2 sleepcaps
  Natasha (thrice) (D:4)
  4 orc wizards
  A crocodile zombie (Ossuary)
  11 mummies (Ossuary)
  13 adders
  11 gnolls
  2 shadow imps
  A white imp (D:6)
  8 ufetubi
  A ribbon worm (D:2)
  39 orcs
  10 ball pythons
  7 endoplasms
  2 giant cockroaches (D:2)
  9 goblins
  7 hobgoblins
  2 jackals (D:1)
  5 quokkas
  7 bats
  A gnoll skeleton (Ossuary)
  19 kobolds
  2 kobold skeletons (Ossuary)
  2 orc skeletons (Ossuary)
  2 rats
  10 spectral rats (Ossuary)
456 creatures vanquished.

Vanquished Creatures (others)
  A dream sheep (Lair:4)
  4 humans (Lair:4)
  A bullfrog (Lair:4)
  A scorpion (D:6)
  A howler monkey (D:6)
  2 gnoll boudas (D:6)
  An orc (D:6)
  A ballistomycete spore (D:10)
12 creatures vanquished.

Grand Total: 468 creatures vanquished

Notes
Turn   | Place    | Note
-------+----------+-------------------------------------------
     0 | D:1      | monsoonserge the Formicid Hexslinger began the quest for
                  | the Orb.
     0 | D:1      | Reached XP level 1. HP: 15/15 MP: 2/2
   182 | D:1      | Reached XP level 2. HP: 14/21 MP: 3/3
   185 | D:1      | Learned a level 2 spell: Jinxbite
   653 | D:1      | Found a faded altar of an unknown god.
   680 | D:1      | Reached XP level 3. HP: 26/26 MP: 4/4
  1359 | D:2      | Found Gacleuma's Weapon Shop.
  1481 | D:2      | Reached skill level 3 in Ranged Weapons
  1559 | D:2      | Reached XP level 4. HP: 32/32 MP: 3/5
  1833 | D:2      | Reached skill level 1 in Armour
  1861 | D:2      | Reached XP level 5. HP: 29/37 MP: 3/6
  2172 | D:3      | Reached skill level 4 in Ranged Weapons
  2492 | D:3      | Identified the +0 leather armour "Laorph" {rElec Regen+}
  3132 | D:4      | Noticed Sigmund
  3218 | D:4      | Reached XP level 6. HP: 43/43 MP: 4/8
  3280 | D:4      | Reached skill level 5 in Ranged Weapons
  3503 | D:4      | Noticed Natasha
  3508 | D:4      | Killed Natasha
  3552 | D:4      | Noticed Natasha
  3562 | D:4      | Killed Natasha
  3563 | D:4      | Reached XP level 7. HP: 45/49 MP: 8/10
  3569 | D:4      | Noticed Natasha
  3575 | D:4      | Killed Natasha
  3659 | D:5      | Entered Level 5 of the Dungeon
  3662 | D:5      | Reached skill level 6 in Ranged Weapons
  3824 | D:5      | Identified the +2 robe of the Eternal Void {rN+ Str+3
                  | Slay+3}
  3973 | D:5      | Reached skill level 7 in Ranged Weapons
  4006 | D:5      | Found a runed translucent door.
  4007 | D:5      | Noticed Crazy Yiuf
  4059 | D:5      | Found a large runed translucent door.
  4060 | D:5      | Found a large runed translucent door.
  4065 | D:5      | Found a shimmering altar of Xom.
  4066 | D:5      | Identified the +4 rapier of Ramonwuf {chaos, ^Drain rN+++
                  | Str+4}
  4367 | D:6      | Noticed a water moccasin
  4400 | D:6      | Found a sparkling altar of Nemelex Xobeh.
  4435 | D:6      | Reached XP level 8. HP: 56/56 MP: 11/11
  4457 | D:6      | Reached skill level 8 in Ranged Weapons
  4501 | D:6      | Found a sand-covered staircase.
  4508 | Ossuary  | Entered an ossuary
  4678 | Ossuary  | Reached skill level 1 in Stealth
  4809 | Ossuary  | Reached skill level 5 in Hexes
  4882 | Ossuary  | Reached skill level 9 in Ranged Weapons
  5103 | D:2      | Bought a +2 triple crossbow of freezing for 300 gold pieces
  5273 | D:4      | Killed Sigmund
  5274 | D:4      | Reached XP level 9. HP: 55/61 MP: 12/12
  5363 | D:4      | Found a glowing golden altar of the Shining One.
  5364 | D:4      | Found a glowing silver altar of Zin.
  5365 | D:4      | Found a white marble altar of Elyvilon.
  5419 | D:4      | Became a worshipper of Elyvilon the Healer
  5497 | D:5      | Reached skill level 10 in Ranged Weapons
  5497 | D:5      | Reached skill level 1 in Shields
  5737 | D:5      | Killed Crazy Yiuf
  5997 | D:6      | Found a shimmering altar of Xom.
  6284 | D:7      | Noticed Maggie
  6288 | D:7      | Killed Maggie
  6289 | D:7      | Reached skill level 11 in Ranged Weapons
  6292 | D:7      | Found an ancient bone altar of Kikubaaqudgha.
  6292 | D:7      | Found a basalt altar of Yredelemnul.
  6333 | D:7      | Noticed Menkaure
  6385 | D:7      | Found a transporter.
  6509 | D:7      | Reached * piety under Elyvilon
  6523 | D:7      | Reached XP level 10. HP: 70/70 MP: 13/13
  6584 | D:7      | Reached skill level 1 in Invocations
  6673 | D:7      | Found a transporter.
  6730 | D:7      | Found a snail-covered altar of Cheibriados.
  6730 | D:7      | Found an iron altar of Okawaru.
  6730 | D:7      | Found a hazy altar of Hepliaklqana.
  6731 | D:7      | Found a hide-covered altar of Uskayaw.
  6732 | D:7      | Found a sacrificial altar of Ru.
  6771 | D:7      | Found a staircase to the Ecumenical Temple.
  6781 | Temple   | Entered the Ecumenical Temple
  6809 | Temple   | Fell from the grace of Elyvilon
  6809 | Temple   | Became a worshipper of Fedhas Madash
  6880 | D:7      | Identified the +1 pair of boots of Tytam {Str-3 Int+2
                  | Dex+4}
  7654 | D:7      | Learned a level 3 spell: Inner Flame
  7659 | D:7      | Learned a level 4 spell: Cause Fear
  7986 | D:8      | Reached * piety under Fedhas
  8004 | D:8      | Found a flagged portal.
  8054 | Bailey   | Entered a bailey
  8198 | Bailey   | Noticed an orc knight
  8202 | Bailey   | Killed an orc knight
  8203 | Bailey   | Reached skill level 12 in Ranged Weapons
  8203 | Bailey   | Reached skill level 5 in Shields
  8205 | Bailey   | Reached ** piety under Fedhas
  8271 | Bailey   | Identified the +6 tower shield of Polish {rF+ rN+ Will+
                  | Str+3}
  8283 | Bailey   | Identified the +10 flail "Ziopaem" {flame, rN+ Int+2}
  8402 | D:8      | Noticed a fire crab
  8403 | D:8      | Noticed a tengu warrior
  8412 | D:8      | Killed a fire crab
  8416 | D:8      | Noticed a boulder beetle
  8424 | D:8      | Killed a tengu warrior
  8425 | D:8      | Reached XP level 11. HP: 7/78 MP: 15/15
  8425 | D:8      | Killed a boulder beetle
  9011 | D:9      | Reached skill level 5 in Fighting
  9043 | D:9      | Reached skill level 13 in Ranged Weapons
  9137 | D:9      | Noticed a soul eater
  9523 | D:9      | Reached skill level 1 in Evocations
  9578 | D:9      | Reached *** piety under Fedhas
  9627 | D:9      | Reached XP level 12. HP: 28/86 MP: 16/16
  9854 | D:9      | Found a staircase to the Lair.
 10044 | D:10     | Entered Level 10 of the Dungeon
 10149 | D:10     | Reached skill level 10 in Shields
 10416 | D:10     | Found a burning altar of Makhleb.
 10609 | D:10     | Noticed a two-headed ogre
 10611 | D:10     | Killed a two-headed ogre
 10611 | D:10     | Reached **** piety under Fedhas
 10612 | D:10     | Reached skill level 5 in Invocations
 10638 | D:10     | Noticed a two-headed ogre
 10643 | D:10     | Killed a two-headed ogre
 10644 | D:10     | Reached skill level 14 in Ranged Weapons
 10722 | D:10     | Noticed a centaur warrior
 10723 | D:10     | Noticed Erolcha
 10725 | D:10     | Killed a centaur warrior
 10727 | D:10     | Killed Erolcha
 10904 | D:10     | Noticed a two-headed ogre
 10908 | D:10     | Killed a two-headed ogre
 10966 | D:11     | Reached skill level 5 in Armour
 10999 | D:11     | Noticed a two-headed ogre
 11088 | D:11     | Killed a two-headed ogre
 11089 | D:11     | Reached XP level 13. HP: 69/91 MP: 17/17
 11448 | D:11     | Reached skill level 15 in Ranged Weapons
 11738 | Lair:1   | Entered Level 1 of the Lair of Beasts
 12058 | Lair:1   | Identified the +7 chain mail of Cianesu {Fly rF+ rC-}
 12309 | Lair:1   | Reached ***** piety under Fedhas
 12454 | Lair:2   | Identified the +2 leather armour "Kajaacle" {Dex+4}
 12496 | Lair:2   | Found a staircase to the Swamp.
 12777 | Lair:2   | Identified the +5 helmet of Pojat {rF+}
 12784 | Lair:2   | Found a hole to the Spider Nest.
 12943 | Lair:2   | Noticed a five-headed hydra
 12948 | Lair:2   | Killed a five-headed hydra
 12949 | Lair:2   | Noticed Urug
 12954 | Lair:2   | Killed Urug
 13310 | Lair:3   | Reached skill level 16 in Ranged Weapons
 13348 | Lair:3   | Identified the amulet "Ymodonk" {Acrobat rElec rPois rCorr
                  | Str-4}
 13394 | Lair:3   | Reached XP level 14. HP: 98/98 MP: 19/19
 14004 | Lair:4   | Noticed Kirke
 14007 | Lair:4   | Killed Kirke
 14011 | Lair:3   | Reached skill level 15 in Shields
 14187 | Lair:4   | Found a broken altar of Ashenzari.
 14304 | Lair:4   | Reached ****** piety under Fedhas
 14359 | Lair:4   | Noticed Josephine
 14361 | Lair:4   | Killed Josephine
 14749 | Lair:4   | Reached skill level 17 in Ranged Weapons
 15158 | Lair:5   | Entered Level 5 of the Lair of Beasts
 15238 | Lair:5   | Reached XP level 15. HP: 79/103 MP: 18/22
 15245 | Lair:5   | Mangled by a sea snake

Illustrated notes

Levels and vault maps discovered:
D:1:      lemuel_arrival_tunnels, layout_basic, serial_co_window_serial,
          co_window_corner_a, co_window_corner_a, co_window_paths_b,
          co_window_paths_b, co_window_paths_b, co_window_corner_b,
          co_window_broadway_a, co_window_2corner, co_window_of_opportunity_b,
          co_window_2corner, co_window_paths_d, co_window_paths_e,
          glass_columns_a, basic_ecumenical_altar, minmay_pentomino_s4
D:2:      layout_loops_ring, serial_shops, shop
D:3:      layout_basic, hangedman_abyss_or_decor_lesser_grid
D:4:      layout_cave_pools, good_gods_temple_1, serial_column_ruins,
          column_ruins_hut, column_ruins_hut, column_ruins_open_tiny,
          column_ruins_open_small, column_ruins_columns_dead_end,
          column_ruins_columns_straight, column_ruins_corridor_straight,
          column_ruins_open_medium, st_stairs_3, hangedman_decor_lopped,
          uniq_natasha, uniq_sigmund
D:5:      due_chaos_kobolds, layout_cave_pools, kennysheep_generic_room_5,
          uniq_crazy_yiuf_cottage
D:6:      layout_rooms, mainiacjoe_overflow_catwalk, xom_confusion_cloud,
          nicolae_ossuary_entry_ruins
D:7:      layout_layer_cave, gammafunk_temple_of_torment, minitemple,
          minmay_temple_entry_waves, uniq_maggie
D:8:      layout_rooms, enter_bailey_5, nicolae_doodle_vault
D:9:      cheibrodos_steamvent, layout_basic, grunt_lair_entry_orc_guard_hut
D:10:     minmay_s_stair_smasher, layout_rooms, marbit_many_paths, uniq_erolcha
D:11:     layout_roguey, grunt_ministairs_14
Temple:   grunt_temple_mini_profane
Lair:1:   layout_hall_layers
Lair:2:   layout_hall_layers, nicolae_swamp_entry_splash_gauntlet,
          hellmonk_spider_entry_life_and_decay, serial_bayou_ford_a,
          lemuel_fruit_tree, uniq_urug
Lair:3:   layout_misc_corridors, st_stairs_11, grunt_megastairs_3
Lair:4:   beast_lair_carwin_large_3, layout_gridlike, basic_altar,
          grunt_megastairs_1, uniq_kirke, uniq_josephine
Lair:5:   gammafunk_lair_ancient_temple, layout_misc_corridors,
          nicolae_slime_entry_slimehenge, minmay_lair_drake_nest,
          serial_bayou_shore_a, uniq_nessos

Skill      XL: |  1  2  3  4  5  6  7  8  9 10 11 12 13 14 |
---------------+-------------------------------------------+-----
Hexes          | 4 5 6 |  6.2
Ranged Weapons | 3 4 5 7 9 11 12 13 14 16 17 | 17.3
Dodging        | 2 3 4 |  4.0
Armour         | 1 3 5 6 7 |  7.2
Spellcasting   | 2 |  2.9
Fighting       | 2 3 4 5 |  5.0
Stealth        | 1 2 |  2.0
Shields        | 3 6 9 12 14 16 | 16.2
Invocations    | 3 4 6 7 9 |  9.3
Fire Magic     | 2 |  2.0
Evocations     | 1 |  1.0

Action                     |  1- 3 |  4- 6 |  7- 9 | 10-12 | 13-15 || total
---------------------------+-------+-------+-------+-------+-------++-------
   Fire: Sling             |   110 |   111 |   218 |       |       ||   439
         Triple crossbow   |       |       |    82 |   263 |   298 ||   643
   Cast: Jinxbite          |     2 |    13 |    15 |     3 |     3 ||    36
 Invoke: Wall of Briars    |       |       |       |     2 |       ||     2
         Grow Ballistomyce |       |       |       |     1 |       ||     1
         Grow Oklob        |       |       |       |       |     1 ||     1
Ability: Dig               |     2 |       |       |       |       ||     2
  Evoke: Wand              |       |       |       |    10 |     1 ||    11
         Phial of floods   |       |       |       |     1 |       ||     1
    Use: Potion            |       |       |     4 |     3 |     1 ||     8
         Scroll            |       |       |       |    11 |       ||    11
 Armour: Robe              |     2 |       |    49 |    38 |    39 ||   128
         Ring mail         |    27 |    22 |       |       |       ||    49
         Leather armour    |       |    11 |    20 |       |       ||    31
         Skin              |       |       |    42 |    48 |       ||    90
         Acid dragon scale |       |       |       |    31 |    18 ||    49
  Dodge: Dodged            |    41 |    37 |   175 |    51 |    53 ||   357
  Block: Buckler           |       |       |    25 |     6 |       ||    31
         Tower shield      |       |       |       |   215 |   236 ||   451
